 Dungeon Crawl Stone Soup version 0.20-a0-421-gf6b327c (webtiles) character file.

5398 witty the Destroyer (level 10, -10/59 (61) HPs)
             Began as a Tengu Air Elementalist on Dec 31, 2016.
             Was a Priest of Sif Muna.
             Mangled by a centaur warrior (11 damage)
             ... on level 8 of the Dungeon.
             The game lasted 00:36:56 (9018 turns).

witty the Destroyer (Tengu Air Elementalist)        Turns: 9018, Time: 00:36:57

HP:   -10/59 (61)   AC:  7    Str:  6    XL:     10   Next: 66%
MP:   16/22         EV: 22    Int: 18    God:    Sif Muna [***...]
Gold: 372           SH:  0    Dex: 21    Spells: 4/24 levels left

rFire  + . .     SeeInvis .     d - +0 dagger (elec)
rCold  . . .     Gourm    .     a - +1 robe
rNeg   + . .     Faith    .     (no shield)
rPois  +         Spirit   .     (helmet restricted)
rElec  .         Reflect  .     B - +0 cloak
rCorr  .         Harm     .     H - +2 pair of gloves of Inevitability {rF+}
MR     .....     Clarity  +     (boots unavailable)
Stlth  +++.......               (no amulet)
                                C - ring of poison resistance {rPois, !d}
                                l - ring of positive energy {rN+}

@: agile, exhausted, very slightly contaminated, slowed, repel missiles, divine
energy, very slow
A: beak, talons 3, clarity, weak 1, able to fly 1
a: Fly, Stop Divine Energy, Channel Magic, Renounce Religion


You were on level 8 of the Dungeon.
You worshipped Sif Muna.
Sif Muna was most pleased with you.
You were not hungry.

You visited 1 branch of the dungeon, and saw 8 of its levels.

You collected 372 gold pieces.

Inventory:

Hand Weapons
 d - a +0 dagger of electrocution (weapon)
   (You took it off an orc on level 7 of the Dungeon)
 i - a +1 hand axe of venom
   (You found it on level 4 of the Dungeon)
 A - a +0 whip of freezing
   (You took it off Pikel on level 5 of the Dungeon)
 I - a +2 dagger of speed
   (You took it off an orc wizard on level 6 of the Dungeon)
 K - a +0 dagger of draining
   (You took it off an orc wizard on level 6 of the Dungeon)
 O - a +1 vampiric hand axe {!w}
   (You took it off a crimson imp on level 8 of the Dungeon)
 U - a +0 short sword of venom
   (You took it off a big kobold on level 8 of the Dungeon)
Armour
 a - a +1 robe (worn)
 r - a +1 scale mail of poison resistance
   (You found it on level 3 of the Dungeon)
 B - a +0 cloak (worn)
   (You found it on level 5 of the Dungeon)
 G - a +0 pair of gloves
   (You found it on level 6 of the Dungeon)
 H - the +2 pair of gloves of Inevitability (worn) {rF+}
   (You found it on level 6 of the Dungeon)

   It protects you from fire.
Jewellery
 l - a ring of positive energy (left hand) {rN+}
   (You found it on level 2 of the Dungeon)
 C - a ring of poison resistance (right hand) {rPois, !d}
   (You found it on level 5 of the Dungeon)
 L - a +2 ring of protection {unknown}
   (You took it off an orc on level 6 of the Dungeon)
Wands
 e - a wand of iceblast (8/15)
   (You found it on level 2 of the Dungeon)
 M - a wand of lightning (5/15)
   (You found it on level 7 of the Dungeon)
Scrolls
 j - 2 scrolls of identify
 n - 2 scrolls of enchant armour
 p - a scroll of teleportation
 q - 2 scrolls of enchant weapon
 t - 4 scrolls of remove curse
 x - 2 scrolls of fear {unknown}
 y - 2 scrolls of magic mapping {!r}
 z - 2 scrolls of immolation {unknown}
 D - a scroll of recharging
 E - 3 scrolls of fog {unknown}
 F - a scroll of amnesia {unknown}
 P - a scroll of vulnerability {unknown}
 Q - a scroll of noise {unknown}
Potions
 g - a potion of degeneration {!q}
 m - a potion of brilliance
 s - a potion of agility
 u - 2 potions of curing
 v - a potion of resistance
 w - 2 potions of flight
 J - a potion of magic {unknown}
 R - a potion of berserk rage {!q}
Books
 b - a book of Air
 N - a book of Power
   (You found it on level 8 of the Dungeon)
 T - a book of Changes
   (You found it on level 8 of the Dungeon)
Comestibles
 c - 2 bread rations {@e1}
 f - 3 meat rations {@e2}
 k - 3 beef jerkies
 o - a royal jelly
 S - a fruit
 V - a slice of pizza


   Skills:
 + Level 6.6 Fighting
 - Level 0.2 Axes
 + Level 5.7 Dodging
 - Level 2.0 Stealth
 - Level 0.9 Unarmed Combat
 + Level 7.8 Spellcasting
 - Level 10.3 Conjurations
 + Level 0.8 Summonings
 - Level 9.1 Air Magic


You had 4 spell levels left.
You knew the following spells:

 Your Spells              Type           Power        Failure   Level  Hunger
a - Shock                 Conj/Air       ####         1%          1    None
b - Static Discharge      Conj/Air       #####...     1%          3    #......
c - Spellforged Servitor  Conj/Summ      ####......   100%        7    #######
d - Repel Missiles        Chrm/Air       ###...       1%          2    None
s - Swiftness             Chrm/Air       ###.....     1%          2    None
x - Lightning Bolt        Conj/Air       #####.....   6%          5    #####..


Dungeon Overview and Level Annotations

Branches:
Dungeon (8/15)             Temple (0/1) D:6
   Lair: D:8-11

Altars:
Okawaru
Qazlal
Sif Muna
Trog
Beogh

Shops:
D:7 *

Annotations:
D:5 Grinder
D:7 exclusion: sky beast, Dowan; Duvessa


Innate Abilities, Weirdness & Mutations

You have a beak for a mouth.
You have claws for feet.
You can fly.
You possess an exceptional clarity of mind.
You are weak. (Str -2)


Message History

a dagger; a robe; a hand axe You are feeling hungry.
Things that are here:
a robe; a hand axe You see here a tomahawk.
The zap hits the wight.
The zap hits the orc warrior.
The orc warrior appears unharmed.
The zap misses the orc warrior.
The wight barely misses you.
You now have 14/22 mp.
The zap hits the wight.
The zap hits the orc warrior. x2
The orc warrior appears unharmed.
The zap hits the wight.
You destroy the wight!
Sif Muna accepts your kill.
The zap hits the orc warrior.
The orc warrior appears unharmed.
The zap misses the orc warrior.
The orc warrior hits you with a mace!!
You take 19 damage, and have 37/59 hp.
MASSIVE DAMAGE!!
You now have 13/22 mp.
Unknown command.
Okay, then.
You swoop lightly up into the air.
You feel very comfortable in the air.
You feel somewhat more hungry.
You now have 11/22 mp.
You hear a mighty clap of thunder!
The bolt of lightning hits the orc warrior.
You kill the orc warrior!
Sif Muna accepts your kill.
Your life force feels restored.
You now have 6/22 mp.
Things that are here:
a mace; a plate armour There isn't anything to butcher here.
Eating one of 10 chunks of flesh {@w0}.
You eat one of the 10 chunks of flesh {@w0}.
You start resting.
Some of the chunks of flesh in your inventory have rotted away.
All of the chunks of flesh in your inventory have rotted away.
You are starting to lose your buoyancy.
You regained 12 hp, and now have 50/59 hp.
You regained 11 mp, and now have 18/22 mp.
A centaur warrior comes into view.
You see here a tomahawk.
A centaur warrior is nearby!
A centaur warrior is nearby!
A centaur warrior is nearby!
A centaur warrior is nearby!
A centaur warrior is nearby!
A centaur warrior is nearby!
The centaur warrior shouts!
The centaur warrior wields a longbow.
The centaur warrior shoots an arrow.
The arrow hits you!
You see here an arrow.
You take 9 damage, and have 42/59 hp.
The centaur warrior shoots an arrow.
The arrow is repelled.
You see here an arrow.
You float gracefully downwards.
The centaur warrior shoots an arrow.
The arrow misses you.
Things that are here:
a mace; a plate armour The centaur warrior shoots an arrow.
The arrow hits you!!
You see here an arrow.
You take 20 damage, and have 23/59 hp.
MASSIVE DAMAGE!!
It was a potion of berserk rage.
A red film seems to cover your vision as you go berserk!
You feel yourself moving faster!
You feel mighty!
You now have 34/88 hp.
You are too berserk!
You feel a strong urge to attack something.
The centaur warrior shoots an arrow.
The arrow is repelled.
You see here 2 arrows.
The centaur warrior shoots an arrow.
The arrow is repelled.
Things that are here:
a mace; a plate armour You feel your anger subside.
The centaur warrior shoots an arrow.
The arrow is repelled.
You are no longer berserk.
You are exhausted.
You feel yourself slow down.
You see here an arrow.
You now have 24/59 hp.
Aim: a centaur warrior, wielding a longbow You miscast Lightning Bolt.
You are very lightly contaminated with residual magic.
A wave of violent energy washes through your body!
The centaur warrior unwields an uncursed longbow.
The centaur warrior hits you.
* * * LOW HITPOINT WARNING * * *
The centaur warrior hits you!
* * * LOW HITPOINT WARNING * * *
You take 19 damage, and have 5/59 hp.
MASSIVE DAMAGE!!
You now have 16/22 mp.
It was a potion of agility.
You feel agile all of a sudden.
The centaur warrior completely misses you.
The centaur warrior hits you.
* * * LOW HITPOINT WARNING * * *
The centaur warrior hits you!
You die...

#.# #............ ##.#
#............ #..# #.......###..
#.## #.).....# #.. ######.#
#.<..†..# #.. ##......# ##o####)#
#.. ###..###..## #†####.# ###
#...##.....########)##...#
##...#..#.#().@c.()).#..#o#
##...(#.#..#(#######..#)##)#####
##..####...##.# #.....[.)........
#..##...####..# #............>...
#..#..#.#[....###........[.......
#..#.#..#...#..###########.......
#......##...##....# #........
#.##.###..#######...# ##........
#.##.....## #... #.........


You could see a centaur warrior.

Vanquished Creatures
  The ghost of Kurtz the Spear-Bearer, a novice TeMo of Okawaru (D:8)
  Pikel (D:5)
  Joseph (D:8)
  A hippogriff (D:8)
  A hog (D:7)
  A hungry ghost (D:8)
  2 orc warriors (D:8)
  2 slaves (D:5)
  3 black bears (D:7)
  5 phantoms
  A necrophage (D:8)
  4 ogres (D:7)
  A big kobold (D:8)
  3 bullfrogs
  A scorpion (D:6)
  A wyvern skeleton (D:8)
  4 killer bees (D:8)
  9 wights (D:8)
  3 howler monkeys
  2 crimson imps
  5 hounds
  7 orc wizards
  2 centaur skeletons
  2 jellies (D:7)
  An orc priest (D:3)
  Jessica (D:2)
  An iguana (D:4)
  11 worker ants
  A worker ant zombie (D:6)
  Robin (D:4)
  A howler monkey zombie (D:7)
  13 adders
  3 gnolls (D:3)
  2 shadow imps
  4 oozes
  An adder skeleton (D:6)
  6 worms
  10 dart slugs
  6 leopard geckos
  27 orcs
  7 giant cockroaches
  15 goblins
  15 hobgoblins
  5 jackals
  6 kobolds
  4 quokkas
  8 bats
  5 frilled lizards
  A jackal skeleton (D:4)
  A leopard gecko skeleton (D:4)
  A quokka zombie (D:7)
  9 rats
229 creatures vanquished.

Vanquished Creatures (others)
  An adder (D:5)
  3 orcs (D:5)
  A frilled lizard (D:5)
5 creatures vanquished.

Grand Total: 234 creatures vanquished

Notes
Turn   | Place    | Note
-------+----------+-------------------------------------------
     0 | D:1      | witty the Tengu Air Elementalist began the quest for the Orb.
     0 | D:1      | Reached XP level 1. HP: 10/10 MP: 4/4
   135 | D:1      | Reached XP level 2. HP: 15/15 MP: 0/6
   182 | D:1      | Reached skill level 2 in Conjurations
  1027 | D:2      | Reached XP level 3. HP: 19/19 MP: 2/8
  1068 | D:2      | Reached skill level 3 in Spellcasting
  1259 | D:2      | Reached skill level 3 in Conjurations
  1318 | D:2      | Reached XP level 4. HP: 24/24 MP: 3/9
  1613 | D:2      | Learned a level 2 spell: Swiftness
  1616 | D:2      | Learned a level 2 spell: Repel Missiles
  1652 | D:2      | Noticed Jessica
  2105 | D:2      | Killed Jessica
  2105 | D:2      | Gained mutation: You can fly. [Tengu growth]
  2105 | D:2      | Reached XP level 5. HP: 23/28 MP: 6/11
  2273 | D:3      | Reached skill level 4 in Spellcasting
  2455 | D:3      | Reached skill level 4 in Conjurations
  2460 | D:3      | Reached XP level 6. HP: 18/33 MP: 4/13
  2817 | D:3      | Reached skill level 5 in Conjurations
  2975 | D:3      | Found a stormy altar of Qazlal.
  3394 | D:4      | Noticed Robin
  3400 | D:4      | Killed Robin
  3584 | D:4      | Noticed a phantom
  3602 | D:4      | Killed a phantom
  3602 | D:4      | Reached skill level 1 in Fighting
  3602 | D:4      | Reached skill level 6 in Conjurations
  3602 | D:4      | Reached XP level 7. HP: 33/38 MP: 4/15
  3867 | D:4      | Reached skill level 5 in Spellcasting
  4186 | D:4      | Reached skill level 2 in Fighting
  4406 | D:5      | Entered Level 5 of the Dungeon
  4406 | D:5      | Noticed Grinder
  4407 | D:5      | Paralysed by Grinder for 4 turns
  4444 | D:5      | Noticed Pikel
  4460 | D:5      | Killed Pikel
  4460 | D:5      | Reached skill level 3 in Fighting
  4460 | D:5      | Reached skill level 7 in Conjurations
  4460 | D:5      | Reached skill level 5 in Air Magic
  4460 | D:5      | Reached XP level 8. HP: 15/46 MP: 5/17
  4708 | D:5      | Found an iron altar of Okawaru.
  4798 | D:5      | Learned a level 5 spell: Lightning Bolt
  5293 | D:6      | Reached skill level 6 in Air Magic
  5427 | D:6      | Found a deep blue altar of Sif Muna.
  5428 | D:6      | Found a stormy altar of Qazlal.
  5476 | D:6      | Became a worshipper of Sif Muna the Loreminder
  5804 | D:6      | Found a staircase to the Ecumenical Temple.
  5849 | D:6      | Got a pair of twisted gloves
  5880 | D:6      | Identified the +2 pair of gloves of Inevitability {rF+} (You found it on level 6 of the Dungeon)
  5908 | D:6      | Reached skill level 6 in Spellcasting
  6055 | D:6      | Reached skill level 4 in Fighting
  6055 | D:6      | Reached skill level 8 in Conjurations
  6331 | D:7      | Found Dedobluu's Desiderata Depot.
  6393 | D:7      | Reached * piety under Sif Muna
  6393 | D:7      | Reached skill level 7 in Air Magic
  6393 | D:7      | Reached XP level 9. HP: 52/52 MP: 11/19
  6847 | D:7      | Reached skill level 5 in Fighting
  6850 | D:7      | Reached skill level 9 in Conjurations
  7014 | D:7      | Reached skill level 8 in Air Magic
  7239 | D:7      | Found a bloodstained altar of Trog.
  7254 | D:7      | Reached skill level 3 in Dodging
  7323 | D:7      | Noticed Dowan
  7324 | D:7      | Noticed Duvessa
  7553 | D:8      | Found a roughly hewn altar of Beogh.
  7555 | D:8      | Noticed Kurtz's ghost (novice TeMo)
  7558 | D:8      | Noticed Joseph
  7573 | D:8      | Gained mutation: You are weak. (Str -2) [potion of mutation]
  7573 | D:8      | Gained mutation: You possess an exceptional clarity of mind. [potion of mutation]
  7583 | D:8      | Killed Joseph
  7583 | D:8      | Reached ** piety under Sif Muna
  7583 | D:8      | Reached skill level 7 in Spellcasting
  7918 | D:8      | Reached skill level 4 in Dodging
  7918 | D:8      | Reached XP level 10. HP: 60/60 MP: 16/21
  8136 | D:8      | Reached skill level 6 in Fighting
  8136 | D:8      | Reached skill level 9 in Air Magic
  8423 | D:8      | Learned a level 3 spell: Static Discharge
  8427 | D:8      | Reached skill level 10 in Conjurations
  8429 | D:8      | Reached skill level 5 in Dodging
  8715 | D:8      | Killed Kurtz's ghost
  8724 | D:8      | Learned a level 7 spell: Spellforged Servitor
  8743 | D:8      | Reached *** piety under Sif Muna
  9004 | D:8      | Noticed a centaur warrior
  9017 | D:8      | HP: 13/59 [centaur warrior (5)]
  9017 | D:8      | HP: 5/59 [centaur warrior (8)]
  9018 | D:8      | HP: 1/59 [centaur warrior (5)]
  9018 | D:8      | Mangled by a centaur warrior

Vault maps used:
D:1:      elethiomel_arrival_shortcut
D:2:      serial_forest, infiniplex_forest_join, infiniplex_forest_clump_small,
          infiniplex_forest_diagonal, infiniplex_forest_clump_small,
          infiniplex_forest_straight_5, infiniplex_forest_clump_tiny,
          infiniplex_forest_clump_medium, infiniplex_forest_straight_4,
          infiniplex_forest_clump_curved, infiniplex_forest_clump_tiny,
          minmay_pentomino_p4, uniq_jessica
D:3:      kennysheep_slugbush, grunt_qazlal_clouds
D:4:      first_bread, uniq_robin
D:5:      lemuel_round_altar, serial_shops, nicolae_shop_behind_doors,
          nicolae_underground_beach, uniq_prince_ribbit1, uniq_grinder,
          uniq_pikel
D:6:      chequers_temple_overflow_statue_of_worship
D:7:      bloody_trog, grunt_livestock, nicolae_alphabet_shops, uniq_duvessa
D:8:      grunt_temple_overflow_diamond, lemuel_coloured_pillars_altar,
          special_room, minmay_bent, uniq_joseph

Skill      XL: |  1  2  3  4  5  6  7  8  9 10 |
---------------+-------------------------------+-----
Conjurations   | 2 3 4 6 7 8 9 10 | 10.3
Spellcasting   | 3 4 5 6 7 |  7.8
Fighting       | 1 3 4 5 6 |  6.6
Air Magic      | 5 7 8 9 |  9.1
Dodging        | 4 5 |  5.7
Axes           | |  0.2
Stealth        | |  2.0
Unarmed Combat | |  0.9
Summonings     | |  0.8

Action                   |  1- 3 |  4- 6 |  7- 9 | 10-12 || total
-------------------------+-------+-------+-------+-------++-------
Melee: Unarmed           |    11 |     5 |       |       ||    16
       Kick              |     2 |     3 |    11 |     2 ||    18
       Peck              |     1 |     2 |     9 |     1 ||    13
       Hand axe          |       |     5 |    35 |       ||    40
       Punch             |       |       |     1 |       ||     1
       Dagger            |       |       |    12 |    13 ||    25
 Cast: Shock             |    59 |   165 |   269 |   120 ||   613
       Repel Missiles    |       |       |     2 |     1 ||     3
       Lightning Bolt    |       |       |     7 |     7 ||    14
       Static Discharge  |       |       |       |     4 ||     4
Invok: Divine Energy     |       |       |       |     1 ||     1
 Abil: Fly               |       |       |       |     2 ||     2
  Use: Scroll            |     5 |     5 |     1 |       ||    11
       Potion            |       |       |     4 |     2 ||     6
  Eat: Chunk             |     2 |     6 |    14 |     8 ||    30
       Beef jerky        |       |       |     1 |       ||     1
Armor: Robe              |     3 |     5 |    15 |    12 ||    35
       Skin              |       |       |    27 |       ||    27
Dodge: Dodged            |    26 |    30 |    76 |    50 ||   182
       Deflected         |       |       |     4 |     6 ||    10

Vault maps used:
D:1:      elethiomel_arrival_shortcut
D:2:      serial_forest, infiniplex_forest_join, infiniplex_forest_clump_small,
          infiniplex_forest_diagonal, infiniplex_forest_clump_small,
          infiniplex_forest_straight_5, infiniplex_forest_clump_tiny,
          infiniplex_forest_clump_medium, infiniplex_forest_straight_4,
          infiniplex_forest_clump_curved, infiniplex_forest_clump_tiny,
          minmay_pentomino_p4, uniq_jessica
D:3:      kennysheep_slugbush, grunt_qazlal_clouds
D:4:      first_bread, uniq_robin
D:5:      lemuel_round_altar, serial_shops, nicolae_shop_behind_doors,
          nicolae_underground_beach, uniq_prince_ribbit1, uniq_grinder,
          uniq_pikel
D:6:      chequers_temple_overflow_statue_of_worship
D:7:      bloody_trog, grunt_livestock, nicolae_alphabet_shops, uniq_duvessa
D:8:      grunt_temple_overflow_diamond, lemuel_coloured_pillars_altar,
          special_room, minmay_bent, uniq_joseph

Table legend:
 A = Turns spent in this place as a percentage of turns spent in the entire game.
 B = Non-inter-level travel turns spent in this place as a percentage of non-inter-level travel turns spent in the entire game.
 C = Inter-level travel turns spent in this place as a percentage of turns spent in this place.
 D = Turns resting spent in this place as a percentage of non-inter-level travel turns spent in this place.
 E = Turns spent auto-exploring this place as a percentage of non-inter-level travel turns spent in this place.
 F = Non-inter-level travel turns spent in this place divided by the number of levels of this place that you've seen.
                   A       B       C       D       E      F
               +-------+-------+-------+-------+-------+----------------------
         Total | 100.0 | 100.0 |   0.3 |   4.7 |   8.5 | 360.1
       Dungeon | 100.0 | 100.0 |   0.3 |   4.7 |   8.5 | 360.1
               +-------+-------+-------+-------+-------+----------------------

Table legend:
 A = Kills in this place as a percentage of kills in entire the game.
 B = Kills by you in this place as a percentage of kills by you in the entire game.
 C = Kills by friends in this place as a percentage of kills by friends in the entire game.
 D = Other kills in this place as a percentage of other kills in the entire game.
 E = Experience gained in this place as a percentage of experience gained in the entire game.
 F = Experience gained in this place divided by the number of levels of this place that you have seen.
                   A       B       C       D       E      F
               +-------+-------+-------+-------+-------+----------------------
         Total | 100.0 | 100.0 |  -nan |  -nan | 100.0 | 964.0
       Dungeon | 100.0 | 100.0 |  -nan |  -nan | 100.0 | 964.0
               +-------+-------+-------+-------+-------+----------------------
